Cogmind - Beta 15 *** ADVENTURER MODE // 2025.05.14 @ 20:09:32 Player: Jefffff Result: Smashed by cave-in Performance ------------- Evolutions (0) 0 Regions Visited (2) 400 Robots Destroyed (29) 145 Value Destroyed (656) 656 Prototype IDs (0) 0 Alien Tech Used (0) 0 Bonus (0) 0 TOTAL SCORE: 1201 Bonus ------- None Cogmind --------- Core Integrity 0/250 Matter 176/300 Energy 100/100 System Corruption 7% Temperature Cool (0) Movement Core (750) Ox14 Location -10/Subcaves Parts ------- > --- POWER (1) -------- (None) > --- PROPULSION (2) --- (None) > --- UTILITY (2) ------ High-capacity Storage Unit Light Armor Plating > --- WEAPON (2) ------- (None) > --- INVENTORY (20) --- Light Ion Engine Improved Heat Sink Huge Storage Unit Subdweller Optics Seismic Detector Power Shielding Utility Shielding Light Armor Plating Scrap Shield Datajack Scrap Shield Fragment (49) Scrap Shield Fragment (49) Scrap Shield Fragment (47) Scrap Shield Fragment (46) Scrap Shield Fragment (45) Scrap Shield Fragment (45) Peak State ------------ > --- POWER ------------ Light Ion Engine > --- PROPULSION ------- Aluminum Leg Aluminum Leg > --- UTILITY ---------- High-capacity Storage Unit Improved Terrain Scanner > --- WEAPON ----------- Subdweller Machine Gun Grenade Launcher > --- INVENTORY -------- Light Ion Engine Subdweller Power Source Improved Heat Sink Huge Storage Unit Subdweller Optics Seismic Detector Power Shielding Utility Shielding Light Armor Plating Light Armor Plating Scrap Shield Grenade Launcher Datajack Scrap Shield Fragment Scrap Shield Fragment Scrap Shield Fragment Scrap Shield Fragment Scrap Shield Fragment Scrap Shield Fragment [Rating: 13] Favorites ----------- Power Light Ion Engine Engine Light Ion Engine Propulsion Aluminum Leg Leg Aluminum Leg Utility Improved Terrain Scanner Device Improved Terrain Scanner Storage High-capacity Storage Unit Protection Light Armor Plating Weapon Light Assault Rifle Energy Gun EM Pulse Gun Ballistic Gun Light Assault Rifle Launcher Grenade Launcher Special Weapon Mining Laser Build | -11 -10 -10 ------- Run | Yrd Mat Sub Slots Evolved . | . . . Power . | . . . Propulsion . | . . . Utility . | . . . Weapon . | . . . Parts Attached 21 | 7 5 9 Power 4 | 1 . 3 Engine 4 | 1 . 3 Core . | . . . Reactor . | . . . Propulsion 3 | 2 1 . Treads . | . . . Leg 3 | 2 1 . Wheel . | . . . Hover . | . . . Flight . | . . . Utility 5 | 2 2 1 Device 1 | 1 . . Storage 3 | 1 2 . Processor . | . . . Hackware . | . . . Protection 1 | . . 1 Artifact . | . . . Weapon 9 | 2 2 5 Energy Gun 1 | . . 1 Energy Cannon . | . . . Ballistic Gun 5 | 2 2 1 Ballistic Cannon . | . . . Launcher 2 | . . 2 Special Weapon 1 | . . 1 Impact Weapon . | . . . Slashing Weapon . | . . . Piercing Weapon . | . . . Special Melee Weapon . | . . . Unidentified Prototypes . | . . . Parts Lost 14 | . . 14 Power 4 | . . 4 Propulsion 2 | . . 2 Utility 1 | . . 1 Weapon 7 | . . 7 Highest Loss Streak 8 | . . 8 To Critical Strikes . | . . . Average Backups 12 | 1 12 15 Power 2 | . 2 2 Propulsion . | . . . Utility 5 | . 3 8 Weapon 3 | . 3 3 Tool/Special . | . . . Unused Backups 14 | . 3 11 Power 3 | . 1 2 Propulsion 1 | . 1 . Utility 8 | . . 8 Weapon . | . . . Tool/Special 2 | . 1 1 Average Slot Usage (%) 96 | . 100 89 Engine 13 | . 14 13 Leg 27 | . 28 27 Device 13 | . 14 13 Storage 14 | . 14 14 Ballistic Gun 23 | . 28 16 Peak Build Rating 13 | 9 11 13 Average Rating 9 | 5 9 10 On Entrance 6 | . 9 11 Naked Turns . | . . . Heaviest Build 51 | 12 47 51 Greatest Support 20 | 20 20 20 Greatest Overweight (x) 2 | . 2 2 Average Overweight (x) 1 | . 1 2 Largest Inventory Capacity 20 | 8 20 20 Average Capacity 17 | 7 16 20 Most Carried 20 | 5 18 20 Average Carried 14 | 2 12 18 Final Capacity 20 | 8 20 20 Final Carried 18 | 5 18 17 Class Distribution -------------------- 94% | Mutant 5% | Scavenger-Mutant Dominant Class ---------------- Mutant | -10/Materials Mutant | -10/Subcaves Resources | -11 -10 -10 ----------- Run | Yrd Mat Sub Matter Collected 602 | 289 247 66 Remotely . | . . . Salvage Created 1000 | 94 640 266 Parts 54 | 7 36 11 Haulers Intercepted 2 | . 2 . Recyclers Shooed 3 | 1 2 . Parts Field Recycled . | . . . Retrieved Matter . | . . . Parts Self-Destructed 2 | . . 2 Prevented . | . . . Kills | -11 -10 -10 ------- Run | Yrd Mat Sub Combat Hostiles Destroyed 19 | . 10 9 Melee 1 | . . 1 Guns 13 | . 10 3 Cannons 1 | . . 1 AOE 4 | . . 4 Classes Destroyed 9 | 2 5 2 Builder 1 | . 1 . Tunneler 1 | 1 . . Hauler 2 | . 2 . Recycler 3 | 1 2 . Watcher 3 | . 3 . Swarmer 6 | . 6 . Grunt 4 | . 4 . Sentry 1 | . . 1 Subdweller 8 | . . 8 Best Kill Streak 5 | 2 5 2 Combat Bots Only 5 | . 5 2 Max Kills in Single Turn 2 | 1 1 2 Gunslinging . | . . . Exploded 2 | . . 2 Melee 1 | . . 1 Uniques/NPCs Destroyed . | . . . Combat | -11 -10 -10 -------- Run | Yrd Mat Sub Hostile Shots Fired 107 | . 35 72 Missed 23 | . 10 13 Hits 84 | . 25 59 Projectile 84 | . 25 59 Critical Strikes 1 | . . 1 Damage Taken 1499 | . 181 1318 Core 256 | . 31 225 Absorbed by Shields . | . . . Ignored by Resistances 360 | . 60 300 Core Remaining (%) 100 | 100 . . Volleys Fired 86 | 5 49 32 Largest 2 | 2 2 2 Hottest 140 | 40 40 140 Shots Fired 156 | 10 98 48 Gun 139 | 10 98 31 Cannon . | . . . Launcher 13 | . . 13 Special 4 | . . 4 Kinetic 137 | 10 98 29 Thermal 4 | . . 4 Explosive 13 | . . 13 Electromagnetic 2 | . . 2 Robot Hit Streak 17 | 4 12 17 Robot Miss Streak 2 | 1 2 1 Penetration Max . | . . . Secondary Targets 2 | . 2 . Max Gunslinging Chain 1 | . 1 . Shots Hit Robots 113 | 6 73 34 Core Hits 55 | 3 30 22 Critical Kills . | . . . Critical Parts Destroyed . | . . . Critical Strikes . | . . . Melee Attacks . | . . . Impact . | . . . Slashing . | . . . Piercing . | . . . Sneak Attacks . | . . . Combat Hostiles . | . . . Follow-up Attacks . | . . . Damage Inflicted 1663 | 63 757 843 Guns 1108 | 63 757 288 Cannons . | . . . Explosions 446 | . . 446 Melee . | . . . Ramming 13 | . . 13 Kinetic 1098 | 63 757 278 Thermal 96 | . . 96 Explosive 446 | . . 446 Electromagnetic 10 | . . 10 Impact . | . . . Slashing . | . . . Piercing . | . . . Highest Corruption . | . . . Average Corruption . | . . . Corruption Purged . | . . . Corruption Blocked . | . . . Overload Shots . | . . . Overflow Damage . | . . . Projectiles . | . . . Explosions . | . . . Melee . | . . . Knockbacks . | . . . Impact . | . . . Kinetic . | . . . Secondary . | . . . Self-Inflicted Damage 177 | . . 177 Shots 7 | . . 7 Rammed . | . . . Targets Rammed 5 | . . 5 Kicked 5 | . . 5 Crushed . | . . . Highest Temperature 9 | . 9 2 Average Temperature 7 | . 7 2 Received Heat Transfer 276 | . 30 246 Siege Activations . | . . . Martial Activations . | . . . Shielding Activations . | . . . Robots Disrupted . | . . . Combat Hostiles . | . . . Robots Corrupted . | . . . Combat Hostiles . | . . . Parts Fried . | . . . Impact Corruptions . | . . . Robots Melted . | . . . Combat Hostiles . | . . . Parts Melted . | . . . Heat Transferred 200 | . . 200 Parts Sabotaged . | . . . Parts Stolen . | . . . Parts Stripped . | . . . Power Chain Reactions . | . . . Alert | -11 -10 -10 ------- Run | Yrd Mat Sub Maximum Alert Level . | . . . Low Security (%) 100 | 100 100 . Level 1 . | . . . Level 2 . | . . . Level 3 . | . . . Level 4 . | . . . Level 5 . | . . . High Security . | . . . Max Security . | . . . Peak Influence 155 | 10 155 . Initial . | . . . Average 34 | 1 36 . Influence Increases 335 | 10 305 20 Destroy 0b10 Robot/C 220 | . 200 20 Destroy 0b10 Robot/NC 50 | 10 40 . Destroy Leader 50 | . 50 . Lose Combat Pursuer 15 | . 15 . Influence Decreases 335 | 10 305 20 Time Decay 325 | 10 305 10 Lost Part 10 | . . 10 Squads Dispatched 1 | . 1 . Investigation 1 | . 1 . Extermination . | . . . Reinforcement . | . . . Assault . | . . . Garrison . | . . . Intercept . | . . . Searches Triggered . | . . . Construction Impeded . | . . . Haulers Reinforced . | . . . Active Scanning Responses . | . . . Cargo Convoy Interrupts . | . . . Stealth | -11 -10 -10 --------- Run | Yrd Mat Sub Distress Signals . | . . . Communications Jammed . | . . . Distress Signals . | . . . Times Spotted 29 | . 19 10 Peak Tracking Total 3 | . 3 3 Tactical Retreats 1 | . 1 . Traps | -11 -10 -10 ------- Run | Yrd Mat Sub Traps Triggered 2 | . 2 . Indirectly . | . . . Trap Hack Attempts . | . . . Triggered . | . . . Disarmed . | . . . Reprogrammed . | . . . Reused . | . . . Traps Extracted . | . . . Installed . | . . . Triggered . | . . . Machines | -11 -10 -10 ---------- Run | Yrd Mat Sub Machines Disabled . | . . . Max in Single Turn . | . . . Machines Repaired . | . . . Machines Dismantled . | . . . Machines Sabotaged . | . . . Overloaded Fab Kills . | . . . Hacking | -11 -10 -10 --------- Run | Yrd Mat Sub Machines Accessed 1 | . 1 . Terminals 1 | . 1 . Fabricators . | . . . Repair Stations . | . . . Recycling Units . | . . . Scanalyzers . | . . . Garrison Access . | . . . Total Hacks 2 | . 2 . Successful . | . . . Failed 2 | . 2 . Catastrophic . | . . . Database Lockouts . | . . . Manual 2 | . 2 . Terminals 2 | . 2 . Fabricators . | . . . Repair Stations . | . . . Recycling Units . | . . . Scanalyzers . | . . . Garrison Access . | . . . Terminal Hacks . | . . . Fabricator Hacks . | . . . Repair Station Hacks . | . . . Recycling Unit Hacks . | . . . Scanalyzer . | . . . Garrison Access Hacks . | . . . Unauthorized Hacks . | . . . Terminals . | . . . Fabricators . | . . . Repair Stations . | . . . Recycling Units . | . . . Scanalyzers . | . . . Garrison Access . | . . . Data Cores Recovered . | . . . Used . | . . . Hacking Detections 1 | . 1 . Full Trace Events . | . . . Feedback Events . | . . . Feedback Blocked . | . . . Robot Schematics Acquired . | . . . Robots Built . | . . . Authchips . | . . . Time . | . . . Total Robot Build Rating . | . . . Part Schematics Acquired . | . . . Parts Built . | . . . Authchips . | . . . Time . | . . . Total Part Build Rating . | . . . Parts Repaired . | . . . Time . | . . . Parts Recycled . | . . . Recycled Matter . | . . . Retrieved Matter . | . . . Retrieved Components . | . . . Parts Scanalyzed . | . . . Part Schematics Acquired . | . . . Parts Damaged . | . . . Bothacking | -11 -10 -10 ------------ Run | Yrd Mat Sub Used RIF Installer . | . . . Robots Hacked . | . . . Non-combat . | . . . Combat . | . . . Robot Hacks Applied . | . . . Relay Couplers Released . | . . . Fabnet Peak Effective % . | . . . Robots Rewired . | . . . Allies Hacked . | . . . Hacks Repelled . | . . . Allies | -11 -10 -10 -------- Run | Yrd Mat Sub Total Allies . | . . . Largest Group . | . . . Highest-Rated Group . | . . . Highest-Rated Ally . | . . . Total Orders . | . . . Ally Attacks . | . . . Total Damage . | . . . Kills . | . . . Allies Corrupted . | . . . Allies Melted . | . . . Intel | -11 -10 -10 ------- Run | Yrd Mat Sub Active Infowar (turns) 1921 | 9 1207 705 Terrain 1921 | 9 1207 705 Robot Analysis Total . | . . . Derelict Logs Recovered . | . . . Drone Launches . | . . . Drone Recoveries . | . . . Exploration | -11 -10 -10 ------------- Run | Yrd Mat Sub Turns Passed 2021 | 92 1207 722 Spaces Moved 791 | 56 505 230 Core 6 | 6 . . Treads . | . . . Legs 785 | 50 505 230 Wheels . | . . . Hover . | . . . Flight . | . . . Fastest Speed 50 | 50 120 260 Average Speed 210 | 112 199 260 Slowest Speed 260 | 120 260 260 Overloaded Moves . | . . . Propulsion Burnouts . | . . . Robots Hopped . | . . . Potential Cave-ins . | . . . Cave-ins Triggered 1 | . . 1 Exploration Rate (%) 33 | 5 79 16 Regions Visited 2 Branch Regions 1 Pre-discovered Areas . | . . . Known Exits Taken . | . . . Unknown Exits Taken 2 | 1 1 . Scrap Searched . | . . . Spaces Dug 12 | . . 12 Terrain Destroyed 62 | . . 62 Melee . | . . . Projectile 1 | . . 1 AOE 61 | . . 61 Terrain Rammed . | . . . Walls Destroyed . | . . . Machines Disabled . | . . . Actions | -11 -10 -10 --------- Run | Yrd Mat Sub Total 989 | 73 620 296 Wait 46 | . 38 8 Move 789 | 55 504 230 Hop . | . . . Pick Up 31 | 6 16 9 Fast Attach 7 | 6 . 1 Attach 9 | 1 . 8 Detach . | . . . Swap 5 | . 5 . Drop 11 | . 8 3 Fire 86 | 5 49 32 Melee . | . . . Ram . | . . . Kick 5 | . . 5 Crush . | . . . Escape Stasis . | . . . Rewire . | . . . Trap . | . . . Miscellaneous . | . . . Route ------- -11/Scrapyard -10/Materials (discovered 5 exits: [*Mat x3] / [*Min] / [*Sub]) -10/Subcaves (discovered 1 exit: [*Mat]) History --------- Turn | Location | Event 15 | -11/Scrapyard | Discovered new exit (range 14) 93 | -11/Scrapyard | Entered Materials 305 | -10/Materials | Build established: Mutant 312 | -10/Materials | Discovered new exit (range 3) 431 | -10/Materials | Discovered new exit (range 13) 756 | -10/Materials | Discovered new exit (range 13) 1010 | -10/Materials | Discovered new exit (range 13) 1289 | -10/Materials | Discovered new exit (range 5) 1300 | -10/Materials | Entered Subcaves 1301 | -10/Subcaves | Approached by a straggling Scientist 1304 | -10/Subcaves | A swath of the cavern ceiling suddenly collapsed 1732 | -10/Subcaves | Core integrity fell below 50% 1758 | -10/Subcaves | Lost 5 parts (1p4w) 1912 | -10/Subcaves | Discovered new exit (range 9) 2001 | -10/Subcaves | Ambushed by Subdweller buried in earth 2001 | -10/Subcaves | Ambushed by Subdweller buried in earth 2023 | -10/Subcaves | Crushed by falling debris 2023 | -10/Subcaves | Smashed by cave-in Last Messages --------------- 02002_ C6-F8X(R): "ARGHSUB!" 02002_ YH-D15(R): "NAT20!" 02005_ Imp. Terrain Scanner destroyed. 02006_ The unstable cave ceiling collapses. 02009_ Aluminum Leg destroyed. 02011_ Grenade Launcher destroyed. 02012_ The unstable cave ceiling collapses. 02012_ Lgt. Ion Engine destroyed. 02015_ Sub. Machine Gun destroyed. 02016_ U8-RZD(R) destroyed. 02016_ C6-F8X(R) destroyed. 02019_ YH-D15(R) affixes Scrap Shield Fragment to Scrap Shield. 02020_ Aluminum Leg destroyed. 02023_ The unstable cave ceiling collapses. 02023_ Crushed by falling debris. 02023_ Grenade Launcher destroyed. 02023_ System corrupted by crushing effect (+3). 02023_ Sub. Power Source destroyed. 02023_ System corrupted by crushing effect (+4). Map ----- +----------------------------------------------------+ | ###### # #????????????????????????????????? | | ##? ##????????????????????????????????? | | ##??? ????????????????????????????????? | | #########????? ???????????????????????????????? | | ##?#???????????? ?????????????????????????????? | | ##???????????? ???? ????????????????????????????? | | ??????????????????#?# ???????????????????????????? | | ?#??#????#????????????#??????????????????????????? | | #?????##?????#???????????????????????????????????? | | ????????##???????????????????????????????????????? | | #????????????????????????????????????????????????? | | ??#??#??????#???????#????#???????????????????????? | | #?????#?#??????????????##????????????????????????? | | ??????##??#?????#????????????????????????????????? | | ?####?#???#?#??#????????????#????????????????????? | | ?# #####????#?#??????????#??????????????????????? | | ## " #?????##??#????????????#??????????????????? | | ?# " #??#??????????#???????????????????????????? | | ## ""#??????????????????##########?????????????? | | " #????????#????????? # # ##??????????? | | * ! ""#????####??????#### # #??????????? | | % ""##?#### ##?????# # #???????????? | | %[ ""#?##"## " #####?# #???????????? | | ! ###" " "### # #?????????? | | ##### " %!* "### % ????????? | | ## ### < !&% % @R #??????????? | | # #### "" " ## "" %#???????????????? | | # ## "#"""#### % #??????????????? | | " """ #""#?# ### ## ##### ##??????????????? | | ^"""" #####?#####?##?? #?????????????????????? | | ^ ^""^###??#?#??????????##?????????????????????? | | ^"^""##??????????????????##???????????????????? | | ^ """ "#?#?????????#?#?#????#???????????????????? | | ^ "^ ##???#??#??????#??????????????????????????? | | ###??#???##????#????##?#????????????????????? | | ###???????????#????????#?????????????????????? | | #??#????????????????????#???????????????????? | | # ###???#??#????????????????????????????????????? | | # #???????##?????#?????????????????????????????? | | #??###?????????#????????????#????????????????? | | ###?#?????????????????#????????????????????????? | | # ##?????????????????????????????????????????????? | | # #???#????#????????????????????????????????????? | | ####?#???????????????????????????????????????????? | | ##????#????#???#?????????????????????????????????? | | ???????#?????????????????????????????????????????? | | ????#????#???????????????????????????????????????? | | ?#??????#????????????????????????????????????????? | | ?#???????????????????????????????????????????????? | | ?????????????????????????????????????????????????? | +----------------------------------------------------+ Best States ------------- Heat Dissipation 25 Energy Generation 15 Energy Capacity 250 Matter Stores 300 Matter Capacity 300 Sight Range 16 Terrain Scan Range 16 Terrain Scan Density 10 Armor Coverage 150 Resistance: KI 20 Resistance: TH 20 Resistance: EX 20 Resistance: EM 20 Resistance: I 20 Resistance: S 20 Resistance: P 20 Evasion (%) 55 Offensive Hacking 10 Item Schematics ----------------- None Robot Schematics ------------------ None Fabricated ------------ Nothing Repaired ---------- Nothing Alien Tech Used ----------------- None Achievements -------------- None Challenges ------------ None Game ------ Seed UltimateDynamicChainsaw Manual? 0 Play Time 00:11:37 Cumulative 247.9 hours Start 2025.05.14 @ 11:42:10 End 2025.05.14 @ 20:09:32 Sessions 2 Manual Loads 0 Difficulty Adventurer Special Mode None Game No. 281 Rogue 0 Adventurer 281 Explorer 0 Win Type - Total 0 Types 0/0/0/0/0/0/0/0/0/0 Lore% 72 Gallery% 59 Achievement% 49 Wizard Run 0 Options --------- Layout 2 ASCII 0 Keyboard 0 Movement Mouse Keybinds 0 Fullscreen 2 Font 48/Smallcaps Map View 50x44 Zoom Use 0% Tactical HUD 1 Map Filters NONE Filters NONE Steam 1 RUN: 445fe86f-8e99-4233-b8f5-f0c37912c101